MID
GREENVILLE DRIVE @ LAKE COUNTY CAPTAINS
05/26/2044
 
TOP OF THE 1ST
Greenville Drive batting - Pitching for Lake County Captains : RHP Matt Zambon
Pitching: RHP Matt Zambon
Batting: RHB David Norum 0-0: Foul Ball, location: 2F
0-1: Ball
1-1: Ball
2-1: Fly out, F4 (Popup, 4S, EV 63.1 MPH)
Batting: RHB Devon Fourcade 0-0: Swinging Strike
0-1: Ball
1-1: Foul Ball, location: 2F
1-2: Strikes out looking
Batting: RHB Dan Friess 0-0: Ground out 3-1 (Groundball, 34, EV 83.8 MPH)
Top of the 1st over - 0 runs, 0 hits, 0 errors, 0 left on base; Greenville 0 - Lake County 0
BOTTOM OF THE 1ST
Lake County Captains batting - Pitching for Greenville Drive : RHP Guillermo de Leon
Pitching: RHP Guillermo de Leon
Batting: LHB Tim Fuller 0-0: Fly out, F5 (Flyball, 5D, EV 90.6 MPH)
Batting: LHB Yasuo Igarashi 0-0: Foul Ball, location: 2F
0-1: Ground out U3 (Groundball, 34, EV 89.4 MPH)
Batting: SHB Charlie Diesel 0-0: Ball
1-0: Called Strike
1-1: Ball
2-1: Foul Ball, location: 2F
2-2: Strikes out swinging
Bottom of the 1st over - 0 runs, 0 hits, 0 errors, 0 left on base; Greenville 0 - Lake County 0
TOP OF THE 2ND
Greenville Drive batting - Pitching for Lake County Captains : RHP Matt Zambon
Batting: RHB David Clark 0-0: Called Strike
0-1: Ball
1-1: Ground out 5-3 (Groundball, 56S, EV 80.0 MPH)
Batting: RHB John Chiesa 0-0: Swinging Strike
0-1: Ball
1-1: Fly out, F9 (Flyball, 89M, EV 78.1 MPH)
Batting: RHB Larry Brocato 0-0: Called Strike
0-1: DOUBLE (Flyball, 8LD, EV 92.5 MPH)
Batting: RHB Dave Nickerson 0-0: Ball
1-0: Called Strike
1-1: Ground out 1-3 (Groundball, 13S, EV 70.6 MPH)
Top of the 2nd over - 0 runs, 1 hit, 0 errors, 1 left on base; Greenville 0 - Lake County 0
BOTTOM OF THE 2ND
Lake County Captains batting - Pitching for Greenville Drive : RHP Guillermo de Leon
Batting: LHB Justin Rankin 0-0: Ball
1-0: Ball
2-0: Foul Ball, location: 2F
2-1: Ground out 4-3 (Groundball, 4M, EV 82.5 MPH)
Batting: SHB Travis Burnett 0-0: Ball
1-0: Called Strike
1-1: Foul Ball, location: 2F
1-2: Ball
2-2: Strikes out looking
Batting: RHB Adrian Martinelli 0-0: Ball
1-0: Foul Ball, location: 2F
1-1: Foul Ball, location: 2F
1-2: Strikes out swinging
Bottom of the 2nd over - 0 runs, 0 hits, 0 errors, 0 left on base; Greenville 0 - Lake County 0
TOP OF THE 3RD
Greenville Drive batting - Pitching for Lake County Captains : RHP Matt Zambon
Batting: RHB Adugna Chandu 0-0: Called Strike
0-1: Swinging Strike
0-2: Foul Ball, location: 2F
0-2: Ball
1-2: Strikes out swinging
Batting: RHB Paul Long 0-0: Called Strike
0-1: Foul Ball, location: 2F
0-2: Ball
1-2: Strikes out looking
Batting: RHB David Norum 0-0: Called Strike
0-1: DOUBLE (Line Drive, 8RXD, EV 108.8 MPH)
Batting: RHB Devon Fourcade 0-0: Called Strike
0-1: Ball
1-1: Ball
2-1: 2-RUN HOME RUN (Flyball, 7D, EV 98.1 MPH), Distance : 384 ft
Batting: RHB Dan Friess 0-0: Ball
1-0: Called Strike
1-1: Reached on error, E4 (Groundball, 4S, EV 86.9 MPH)
Batting: RHB David Clark 0-0: Ball
1-0: Called Strike
1-1: Ball
2-1: Ball
3-1: Base on Balls
Dan Friess to second
Batting: RHB John Chiesa 0-0: Ball
1-0: DOUBLE (Line Drive, 78D, EV 103.8 MPH)
Dan Friess scores
David Clark to third
Runner from 3rd tries for Home, SAFE, throw by LF to home
Batting: RHB Larry Brocato 0-0: Ball
1-0: Ground out U3 (Groundball, 3S, EV 79.4 MPH)
Top of the 3rd over - 4 runs, 3 hits, 1 error, 1 left on base; Greenville 4 - Lake County 0
BOTTOM OF THE 3RD
Lake County Captains batting - Pitching for Greenville Drive : RHP Guillermo de Leon
Batting: LHB Danny Moreno 0-0: Called Strike
0-1: Ball
1-1: Ball
2-1: Ball
3-1: Swinging Strike
3-2: Ground out 4-3 (Groundball, 4, EV 86.3 MPH)
Batting: LHB Ubbe de Bruin 0-0: Called Strike
0-1: Called Strike
0-2: Foul Ball, location: 2F
0-2: Foul Ball, location: 2F
0-2: Ball
1-2: Foul Ball, location: 2F
1-2: Strikes out swinging
Batting: LHB Alan Kelly 0-0: Ball
1-0: Foul Ball, location: 2F
1-1: Ground out 1-3 (Groundball, 13S, EV 75.0 MPH)
Bottom of the 3rd over - 0 runs, 0 hits, 0 errors, 0 left on base; Greenville 4 - Lake County 0
TOP OF THE 4TH
Greenville Drive batting - Pitching for Lake County Captains : RHP Matt Zambon
Batting: RHB Dave Nickerson 0-0: Called Strike
0-1: Ball
1-1: Ball
2-1: Foul Ball, location: 2F
2-2: Strikes out looking
Batting: RHB Adugna Chandu 0-0: Called Strike
0-1: Ball
1-1: Swinging Strike
1-2: Strikes out looking and he ARGUES THE CALL AND IS TOSSED!
Batting: RHB Paul Long 0-0: Foul Ball, location: 2F
0-1: Fly out, F5 (Popup, 56S, EV 81.9 MPH)
Top of the 4th over - 0 runs, 0 hits, 0 errors, 0 left on base; Greenville 4 - Lake County 0
BOTTOM OF THE 4TH
Lake County Captains batting - Pitching for Greenville Drive : RHP Guillermo de Leon
Now at SS: Erik Nunez
Batting: LHB Tim Fuller 0-0: Called Strike
0-1: Ball
1-1: SINGLE (Groundball, 4D, EV 98.8 MPH)
Batting: LHB Yasuo Igarashi 0-0: Called Strike
0-1: Ball
1-1: Ball
2-1: SINGLE (Flyball, 6D, EV 88.8 MPH)
Tim Fuller to second
Batting: SHB Charlie Diesel 0-0: Ball
1-0: Called Strike
1-1: Ball
2-1: Ball
3-1: Base on Balls
Tim Fuller to third
Yasuo Igarashi to second
Batting: LHB Justin Rankin 0-0: Called Strike
0-1: Fly out, F7 (Flyball, 78D, EV 78.1 MPH)
Runner from 3rd tags up, SCORES, throw by LF
Yasuo Igarashi to third
Batting: SHB Travis Burnett 0-0: SINGLE (Line Drive, 6D, EV 97.5 MPH)
Yasuo Igarashi scores
Charlie Diesel to second
Batting: RHB Adrian Martinelli 0-0: Called Strike
0-1: Swinging Strike
0-2: Ball
1-2: Strikes out swinging
Batting: LHB Danny Moreno 0-0: Called Strike
0-1: SINGLE (Groundball, 4MD, EV 106.9 MPH)
Charlie Diesel to third
Travis Burnett to second
Runner from 3rd tries for Home, SAFE, throw by CF to home
Batting: LHB Ubbe de Bruin 0-0: Called Strike
0-1: Foul Ball, location: 2F
0-2: Foul Ball, location: 2F
0-2: Ball
1-2: Ball
2-2: Ball
3-2: Strikes out swinging
Bottom of the 4th over - 3 runs, 4 hits, 0 errors, 2 left on base; Greenville 4 - Lake County 3
TOP OF THE 5TH
Greenville Drive batting - Pitching for Lake County Captains : RHP Matt Zambon
Batting: RHB David Norum 0-0: Ball
1-0: Foul Ball, location: 2F
1-1: Ball
2-1: SINGLE (Line Drive, 8RM, EV 85.6 MPH)
Batting: RHB Devon Fourcade 0-0: Ball
1-0: Fly out, F8 (Line Drive, 8LM, EV 90.0 MPH)
Batting: RHB Dan Friess 0-0: Ball
1-0: Swinging Strike
1-1: Called Strike
1-2: Strikes out swinging
Batting: RHB David Clark 0-0: Ball
1-0: Called Strike
1-1: Fly out, F8 (Line Drive, 8RM, EV 95.0 MPH)
Top of the 5th over - 0 runs, 1 hit, 0 errors, 1 left on base; Greenville 4 - Lake County 3
BOTTOM OF THE 5TH
Lake County Captains batting - Pitching for Greenville Drive : RHP Guillermo de Leon
Batting: LHB Alan Kelly 0-0: Ground out 4-3 (Groundball, 4, EV 82.5 MPH)
Batting: LHB Tim Fuller 0-0: Called Strike
0-1: Foul Ball, location: 2F
0-2: Strikes out swinging
Batting: LHB Yasuo Igarashi 0-0: Swinging Strike
0-1: Ball
1-1: Ball
2-1: Fly out, F7 (Flyball, 7S, EV 98.8 MPH)
Bottom of the 5th over - 0 runs, 0 hits, 0 errors, 0 left on base; Greenville 4 - Lake County 3
TOP OF THE 6TH
Greenville Drive batting - Pitching for Lake County Captains : RHP Matt Zambon
Batting: RHB John Chiesa 0-0: Foul Ball, location: 2F
0-1: Ball
1-1: Ball
2-1: Called Strike
2-2: Foul Ball, location: 2F
2-2: Foul Ball, location: 2F
2-2: Strikes out swinging
Batting: RHB Larry Brocato 0-0: Ball
1-0: Ball
2-0: Called Strike
2-1: Foul Ball, location: 2F
2-2: Ball
3-2: Foul Ball, location: 2F
3-2: Base on Balls
Batting: RHB Dave Nickerson 0-0: Ball
1-0: Ball
2-0: Ball
3-0: Called Strike
3-1: Swinging Strike
3-2: Strikes out looking
Batting: RHB Erik Nunez 0-0: Called Strike
0-1: Ball
1-1: Fielders Choice at 2nd, 6-4 (Groundball, 4M, EV 91.9 MPH)
Top of the 6th over - 0 runs, 0 hits, 0 errors, 1 left on base; Greenville 4 - Lake County 3
BOTTOM OF THE 6TH
Lake County Captains batting - Pitching for Greenville Drive : RHP Guillermo de Leon
Batting: SHB Charlie Diesel 0-0: Ball
1-0: Ball
2-0: Called Strike
2-1: Ground out 5-3 (Groundball, 6, EV 83.8 MPH)
Batting: LHB Justin Rankin 0-0: Ground out 4-3 (Groundball, 4, EV 80.6 MPH)
Batting: SHB Travis Burnett 0-0: Called Strike
0-1: Foul Ball, location: 2F
0-2: Strikes out swinging
Bottom of the 6th over - 0 runs, 0 hits, 0 errors, 0 left on base; Greenville 4 - Lake County 3
TOP OF THE 7TH
Greenville Drive batting - Pitching for Lake County Captains : RHP Matt Zambon
Batting: RHB Paul Long 0-0: Ball
1-0: Ball
2-0: Ground out 2-3 (Groundball, 15S, EV 67.5 MPH)
Pitching: LHP Alcander Magos
Batting: RHB David Norum 0-0: Ball
1-0: Ball
2-0: Ball
3-0: Called Strike
3-1: Base on Balls
Batting: RHB Devon Fourcade 0-0: Ball
1-0: SINGLE (Line Drive, 8RS, EV 89.4 MPH)
David Norum to second
Batting: RHB Dan Friess 0-0: Called Strike
0-1: Ball
1-1: Hit by Pitch
David Norum to third
Devon Fourcade to second
Batting: RHB David Clark 0-0: Called Strike
0-1: Ball
1-1: Fly out, F9 (Flyball, 9S, EV 95.0 MPH)
Batting: RHB John Chiesa 0-0: Fielders Choice at 2nd, 5-4 (Groundball, 56, EV 102.5 MPH)
Top of the 7th over - 0 runs, 1 hit, 0 errors, 3 left on base; Greenville 4 - Lake County 3
BOTTOM OF THE 7TH
Lake County Captains batting - Pitching for Greenville Drive : RHP Guillermo de Leon
Batting: RHB Adrian Martinelli 0-0: Ball
1-0: Foul Ball, location: 2F
1-1: Ball
2-1: Foul Ball, location: 2F
2-2: Foul Ball, location: 2F
2-2: Ball
3-2: Foul Ball, location: 2F
3-2: Foul Ball, location: 2F
3-2: Strikes out looking
Batting: LHB Danny Moreno 0-0: Called Strike
0-1: Ball
1-1: Ground out 4-3 (Groundball, 4, EV 83.8 MPH)
Batting: LHB Ubbe de Bruin 0-0: Foul Ball, location: 2F
0-1: Foul Ball, location: 2F
0-2: Ball
1-2: Ball
2-2: Foul Ball, location: 2F
2-2: Foul Ball, location: 2F
2-2: Fly out, F4 (Popup, 4S, EV 68.8 MPH)
Bottom of the 7th over - 0 runs, 0 hits, 0 errors, 0 left on base; Greenville 4 - Lake County 3
TOP OF THE 8TH
Greenville Drive batting - Pitching for Lake County Captains : LHP Alcander Magos
Pitching: RHP En-guo Tsu
Batting: RHB Larry Brocato 0-0: Ground out 6-3 (Groundball, 6M, EV 90.6 MPH)
Batting: RHB Dave Nickerson 0-0: Swinging Strike
0-1: Ball
1-1: Called Strike
1-2: Strikes out swinging
Batting: RHB Erik Nunez 0-0: Ball
1-0: Ball
2-0: Called Strike
2-1: Ground out 6-3 (Groundball, 56D, EV 86.3 MPH)
Top of the 8th over - 0 runs, 0 hits, 0 errors, 0 left on base; Greenville 4 - Lake County 3
BOTTOM OF THE 8TH
Lake County Captains batting - Pitching for Greenville Drive : RHP Guillermo de Leon
Pitching: RHP Tyler Carriger
Batting: LHB Alan Kelly 0-0: Called Strike
0-1: Ground out U3 (Groundball, 3L, EV 76.9 MPH)
Batting: LHB Tim Fuller 0-0: Ball
1-0: Ball
2-0: Ball
3-0: Base on Balls
Batting: LHB Yasuo Igarashi 0-0: Ball
1-0: Called Strike
1-1: Ball
Passed Ball!
Tim Fuller to second
2-1: Foul Ball, location: 2F
2-2: Foul Ball, location: 2F
2-2: Ball
3-2: Foul Ball, location: 2F
3-2: Base on Balls
Batting: SHB Charlie Diesel 0-0: Foul Ball, location: 2F
0-1: Ball
1-1: Ball
2-1: Called Strike
2-2: Foul Ball, location: 2F
2-2: DOUBLE (Flyball, 78D, EV 103.8 MPH)
Tim Fuller scores
Yasuo Igarashi to third
Runner from 3rd tries for Home, SAFE, throw by LF to home
Batting: LHB Justin Rankin 0-0: Called Strike
0-1: Ball
1-1: Called Strike
1-2: Ball
2-2: Strikes out looking
Batting: SHB Travis Burnett 0-0: Called Strike
0-1: Called Strike
0-2: Strikes out swinging
Bottom of the 8th over - 2 runs, 1 hit, 0 errors, 1 left on base; Greenville 4 - Lake County 5
TOP OF THE 9TH
Greenville Drive batting - Pitching for Lake County Captains : RHP En-guo Tsu
Pitching: LHP Jordan Leon
Batting: RHB Paul Long 0-0: Called Strike
0-1: Ball
1-1: Ball
2-1: Fly out, F7 (Flyball, 7S, EV 91.9 MPH)
Batting: RHB David Norum 0-0: Called Strike
0-1: Ball
1-1: Foul Ball, location: 2F
1-2: Ball
2-2: Strikes out looking
Batting: RHB Devon Fourcade 0-0: Called Strike
0-1: Called Strike
0-2: Ball
1-2: Ball
2-2: Ball
3-2: Base on Balls
Batting: RHB Dan Friess 0-0: Ground out 4-3 (Groundball, 4, EV 90.0 MPH)
Top of the 9th over - 0 runs, 0 hits, 0 errors, 1 left on base; Greenville 4 - Lake County 5
Thursday, March 31st , 2022 - OOTP Baseball 22.12 Build 89